 Dungeon Crawl Stone Soup version 0.27-a0-32-g443bf2d2ca (webtiles) character file.

Game seed: 5364771621389655124

3 Descartes the Sneak (level 1, -1/10 HPs)
             Began as a Felid Delver on Jan 4, 2021.
             Slain by a worker ant (3 damage)
             ... on level 5 of the Dungeon.
             The game lasted 00:00:25 (63 turns).

Descartes the Sneak (Felid Delver)                    Turns: 63, Time: 00:00:25

Health: -1/10      AC:  1    Str:  8    XL:     1   Next: 41%
Magic:  2/2        EV: 18    Int: 11    God:
Gold:   16         SH:  0    Dex: 17    Spells: 0/0 levels left
                                        Lives:  0   Deaths: 0

rFire    . . .     SeeInvis +     - Unarmed
rCold    . . .     Faith    .   (shield unavailable)
rNeg     . . .     Spirit   .   (armour unavailable)
rPois    .         Reflect  .   (helmet unavailable)
rElec    .         Harm     .   (cloak unavailable)
rCorr    .         Rampage  .   (gloves unavailable)
Will     .....                  (boots unavailable)
Stlth    ++++......             (no amulet)
HPRegen  0.03/turn              (no ring)
MPRegen  0.08/turn              (no ring)

@: quick
A: very small, no armour, no weapons or thrown items, stealth, claws 1, fangs 3,
see invisible, speed 1, shaggy fur 1, sharp paws
a: no special abilities


You were on level 5 of the Dungeon.
You visited 1 branch of the dungeon, and saw 1 of its levels.

You collected 16 gold pieces.

Inventory:

Wands
 e - a wand of digging (3)
Scrolls
 a - a scroll of fog
 b - a scroll of magic mapping
 c - a scroll of fear
Potions
 d - a potion of haste


   Skills:
 - Level 3.0 Fighting
 + Level 2.8 Dodging
 * Level 6.7 Stealth
 + Level 2.0 Unarmed Combat


You couldn't memorise any spells.
You didn't know any spells.
Your spell library was empty.

Dungeon Overview and Level Annotations

Branches:
Dungeon (5/15)
 Temple: D:4-7

Altars:


Innate Abilities, Weirdness & Mutations

You cannot wear armour.
You are incapable of wielding weapons or throwing items.
Your paws allow you to move quietly. (Stealth)
You have sharp claws.
You have razor-sharp teeth.
You have supernaturally acute eyesight. (SInv)
You cover ground quickly.
You are covered in fur. (AC +1)
Your sharp claws are effective at attacking unaware monsters.


Message History

You are too injured to fight recklessly!
Unknown command.
The jackal misses you. The jackal closely misses you.
The jackal barely misses you.
You barely miss the jackal. The jackal closely misses you.
You miss the jackal. The jackal bites you.
You scratch the jackal. You bite the jackal, but do no damage.
The jackal is almost dead.
The jackal completely misses you. The jackal misses you.
You scratch the jackal but do no damage.
The jackal is almost dead.
The jackal bites you.
* * * LOW HITPOINT WARNING * * *
You scratch the jackal.
You kill the jackal!
You scratch the worker ant.
The worker ant is lightly wounded.
The worker ant bites you.
You die...

#.!........
#.......... #.
#......... ..
##...)..... .# ####
##.......... #.#
####..# ##.B....B..##
#.. ###.....##
###..###...###
#.##........###...##
#####
#...........@#...##
##..##...####B.###
#..#######...## ##..##
#...## ###..###...#
#........##
#.....##..#####
#....#####.....#####
...####............###


You could see a worker ant.

Vanquished Creatures
  An orc (D:5)
  A jackal (D:5)
2 creatures vanquished.

Notes
Turn   | Place    | Note
-------+----------+-------------------------------------------
     0 | D:5      | Descartes the Felid Delver began the quest for the Orb.
     0 | D:5      | Reached XP level 1. HP: 10/10 MP: 2/2
    42 | D:5      | Noticed a worker ant
    63 | D:5      | Slain by a worker ant

Illustrated notes

Levels and vault maps discovered:
D:5:      lemuel_insect_pit, layout_cave_pods, zin_statuary, basic_altar,
          uniq_grinder

Action                   || total
-------------------------++-------
Melee: Unarmed           ||    12
       Punch             ||     1
       Bite              ||     1
 Stab: Sleeping          ||     1
Armor: Skin              ||     1
Dodge: Dodged            ||    14

Table legend: (Time is in decaauts)
 A = Elapsed time spent in this place.
 B = Non-inter-level travel time spent in this place.
 C = Inter-level travel time spent in this place.
 D = Time resting spent in this place.
 E = Time spent auto-exploring this place.
 F = Levels seen in this place.
 G = Mean time per level.
                   A        B        C        D        E       F      G
               +--------+--------+--------+--------+--------+-----+--------+
         Total |     52 |     52 |      0 |      0 |     21 |   1 |   52.0 |
       Dungeon |     52 |     52 |      0 |      0 |     21 |   1 |   52.0 |
               +--------+--------+--------+--------+--------+-----+--------+

Top non-repeatable levels by time:
     D:5: 52 daAuts
